 Dungeon Crawl Stone Soup version 0.22-a0-460-g49b1da7 (webtiles) character file.

19 4thArraOfDagon the Ducker (level 2, 0/26 HPs)
             Began as a Gnoll Wanderer on June 9, 2018.
             Slain by an iguana (1 damage)
             ... on level 4 of the Dungeon.
             The game lasted 00:01:11 (232 turns).

4thArraOfDagon the Ducker (Gnoll Wanderer)           Turns: 232, Time: 00:01:12

Health: 0/26       AC:  8    Str: 13    XL:     2   Next: 75%
Magic:  3/3        EV:  7    Int: 15    God:
Gold:   0          SH:  0    Dex: 14    Spells: 2/2 levels left

rFire    . . .     SeeInvis .   c - +0 falchion
rCold    . . .     Gourm    .   (no shield)
rNeg     . . .     Faith    .   h - +0 chain mail (curse)
rPois    .         Spirit   .   (no helmet)
rElec    .         Reflect  .   (no cloak)
rCorr    .         Harm     .   (no gloves)
MR       .....                  (no boots)
Stlth    ..........             (no amulet)
HPRegen  0.08/turn              i - ring of flight
MPRegen  0.08/turn              (no ring)

@: no status effects
A: distributed training, fangs 1, strong nose
a: Evoke Flight


You were on level 4 of the Dungeon.
You were not hungry.

You visited 1 branch of the dungeon, and saw 4 of its levels.

Inventory:

Hand Weapons
 c - a +0 falchion (weapon)
 e - a +0 dagger
Armour
 a - a +0 leather armour
 h - a cursed +0 chain mail (worn)
Jewellery
 i - a ring of flight (left hand)
Scrolls
 g - a scroll of amnesia {unknown}
Potions
 d - a potion of curing
Comestibles
 f - a ration


   Skills:
 + Level 4.5 Fighting
 + Level 2.5 Short Blades
 + Level 2.5 Long Blades
 + Level 0.5 Axes
 + Level 0.5 Maces & Flails
 + Level 0.5 Polearms
 + Level 0.5 Staves
 + Level 0.5 Slings
 + Level 0.5 Bows
 + Level 0.5 Crossbows
 + Level 0.5 Throwing
 + Level 0.5 Armour
 + Level 4.5 Dodging
 + Level 4.1 Stealth
 + Level 2.5 Shields
 + Level 0.5 Unarmed Combat
 + Level 0.5 Spellcasting
 + Level 0.3 Conjurations
 + Level 0.3 Hexes
 + Level 0.3 Charms
 + Level 0.3 Summonings
 + Level 0.3 Necromancy
 + Level 0.3 Translocations
 + Level 0.3 Transmutations
 + Level 0.3 Fire Magic
 + Level 0.3 Ice Magic
 + Level 0.3 Air Magic
 + Level 0.3 Earth Magic
 + Level 0.3 Poison Magic
 + Level 0.6 Invocations
 + Level 2.5 Evocations


You had 2 spell levels left.
You didn't know any spells.
Your spell library was empty.

Dungeon Overview and Level Annotations

Branches:
Dungeon (4/15)
 Temple: D:4-7

Altars:


Innate Abilities, Weirdness & Mutations

Your experience applies equally to all skills.
You have very sharp teeth.
Your uncanny sense of smell can sniff out nearby items.


Message History

The net rips apart, and the iguana comes free!
The iguana bites you.
You hit the iguana.
The iguana is heavily wounded.
The iguana bites you!
* * * LOW HITPOINT WARNING * * *
You hit the iguana. Your bite misses the iguana.
The iguana is severely wounded.
The iguana closely misses you.
You closely miss the iguana.
The iguana is severely wounded.
The iguana bites you but does no damage.
Unknown command.
Throwing (i - inventory)
b - a throwing net (quivered)
Press: ? - help, Shift-Dir - straight line, f/p - iguana
Aim: an iguana (severely wounded)
You throw a throwing net.
The throwing net closely misses the iguana.
The iguana bites you.
You die...

#..#.# #..#.#
#..#.#
...#.####
########....#
........###.#
#######.# #
#.# #@#
......l.....#
#############


You could see an iguana.

Vanquished Creatures
  An adder (D:4)
  2 orcs
  A giant cockroach (D:1)
  A goblin (D:1)
  A bat (D:1)
  A frilled lizard (D:2)
  A kobold (D:1)
  A leopard gecko skeleton (D:4)
  A quokka skeleton (D:3)
10 creatures vanquished.

Notes
Turn   | Place    | Note
-------+----------+-------------------------------------------
     0 | D:1      | 4thArraOfDagon the Gnoll Wanderer began the quest for the Orb.
     0 | D:1      | 4thArraOfDagon set off with: a +0 leather armour, 3 throwing nets, a +0 falchion, a potion of curing, a +0 dagger, a ration
     0 | D:1      | Reached XP level 1. HP: 20/20 MP: 2/2
   168 | D:3      | Reached XP level 2. HP: 26/26 MP: 3/3
   229 | D:4      | HP: 1/26 [iguana (7)]
   232 | D:4      | Slain by an iguana

Vault maps used:
D:1:      lemuel_arrival_lava_pool
D:2:      first_ration, minmay_lizard_pond, uniq_robin
D:4:      kennysheep_kobold_camp, portal_sewer_entry_b, uniq_duvessa

Action                   || total
-------------------------++-------
Melee: Falchion          ||    31
       Bite              ||     5
Throw: Throwing net      ||     3
 Stab: Sleeping          ||     1
       Held in net/web   ||     1
Armor: Leather armour    ||     3
       Chain mail        ||     9
Dodge: Dodged            ||    29
       Rpst.: Falchion   ||    13

Table legend:
 A = Spawn XP
 B = Non-spawn XP
 C = Spawn XP percentage of total XP
 D = Spawn monster count
 E = Non-spawn monster count
 F = Spawn count percentage of total count
 G = Total turns spent on level
                    A         B        C        D         E        F      G
               +---------+---------+-------+---------+---------+-------+---------
         Total |       0 |      28 |   0.0 |       0 |      10 |   0.0 |   232
               +---------+---------+-------+---------+---------+-------+---------
           D:1 |       0 |       6 |   0.0 |       0 |       4 |   0.0 |    94
           D:2 |       0 |       1 |   0.0 |       0 |       1 |   0.0 |    45
           D:3 |       0 |       4 |   0.0 |       0 |       2 |   0.0 |    52
           D:4 |       0 |      17 |   0.0 |       0 |       3 |   0.0 |    41
               +---------+---------+-------+---------+---------+-------+---------
